Map: Orbital Shipyard

Players

Zarnosch

  • Race: Zerg Zerg
  • League: Diamond

Robola - Winner!

  • Race: Terran Terran
  • League: Platinum

VOD

Have the link to the VOD?

Description

Time

  • Played on: Feb. 7, 2016, 4:43 p.m.
  • Length: 20:26
Show
View Real Time Build Order
Export as new Build Order

Zarnosch Zerg 

Build Orders: Hatch First 

Get SALT Encoding   

  12  0:02  Drone  
  13  0:12  Overlord  
  13  0:17  Drone  
  14  0:32  Drone x2  
  14  0:35  Drone  
  17  0:46  Drone  
  18  0:57  Hatchery  
  17  1:05  Extractor  
  16  1:12  Spawning Pool  
  16  1:15  Drone  
  16  1:18  Drone  
  16  1:23  Drone  
  18  1:31  Drone  
  19  1:40  Overlord  
  19  2:00  Queen  
  21  2:02  Zergling x4  
  21  2:07  Metabolic Boost  
  23  2:15  Drone  
  23  2:16  Queen, Drone  
  27  2:49  Evolution Chamber  
  27  2:50  Drone x5  
  27  2:51  Drone  
  32  3:10  Hatchery, Baneling Nest  
  30  3:33  Overlord  
  30  3:36  Zergling x10  
  30  3:40  Drone  
  35  4:08  Zergling x8  
  39  4:11  Drone  
  39  4:12  Drone x3  
  42  4:25  Roach Warren  
  42  4:27  Lair  
  42  4:28  Zerg Ground Armor Level 1  
  42  4:31  Drone x4  
  42  4:32  Drone  
  42  4:33  Queen  
  42  4:34  Baneling  
  42  4:35  Baneling  
  48  4:47  Spore Crawler  
  48  4:49  Spore Crawler  
  48  4:52  Spore Crawler  
  45  4:53  Drone  
  45  4:54  Overlord  
  45  4:55  Overlord  
  41  5:15  Drone x3  
  41  5:16  Drone x7  
  51  5:36  Roach x6  
  51  5:40  Extractor  
  51  5:41  Extractor  
  51  5:42  Extractor  
  57  5:52  Roach  
  57  5:53  Zergling x6, Roach  
  57  5:54  Zergling x4  
  61  6:19  Baneling x2  
  61  6:21  Drone x5  
  61  6:24  Extractor  
  61  6:25  Extractor  
  64  6:35  Drone x2  
  64  6:36  Overlord x3  
  66  7:03  Drone x3  
  66  7:04  Drone  
  66  7:05  Drone x2  
  66  7:06  Drone x3  
  66  7:07  Drone  
  66  7:08  Drone x2  
  78  7:13  Evolution Chamber  
  77  7:27  Roach x3  
  77  7:28  Ravager  
  77  7:29  Ravager  
  85  7:33  Zerg Melee Weapons Level 1  
  85  7:35  Hatchery  
  84  7:39  Drone x4  
  84  7:40  Drone  
  84  7:41  Drone  
  90  7:51  Pneumatized Carapace  
  90  8:04  Overlord x2  
  90  8:05  Overlord x2  
  90  8:09  Centrifical Hooks  
  90  8:10  Glial Reconstitution  
  90  8:12  Zerg Ground Armor Level 2  
  90  8:18  Overlord x3  
  90  8:29  Zergling x2  
  91  8:35  Roach x3  
  91  8:36  Zergling x10  
  104  8:41  Roach x3  
  104  8:42  Drone x4  
  104  8:43  Drone x4  
  116  9:05  Roach  
  116  9:06  Roach x9  
  136  9:12  Zergling x12  
  142  9:17  Baneling x5  
  142  9:18  Baneling  
  142  9:23  Queen  
  142  9:27  Spore Crawler  
  142  9:29  Spore Crawler  
  140  9:36  Zerg Melee Weapons Level 2  
  138  9:39  Zergling x10, Infestation Pit  
  138  9:41  Drone x4  
  138  9:42  Drone x2  
  138  9:45  Spore Crawler x2  
  147  9:46  Spine Crawler  
  147  9:47  Drone  
  146  9:59  Queen  
  142  10:12  Roach x3  
  148  10:17  Zergling x6  
  148  10:19  Overlord x2  
  148  10:20  Overlord x2  
  151  10:33  Overlord  
  151  10:34  Overlord  
  151  10:40  Ravager x4  
  151  10:41  Ravager x2  
  157  10:47  Baneling x2  
  151  11:23  Roach x2  
  151  11:24  Roach x3  
  161  11:26  Hive  
  161  11:28  Zerg Missile Weapons Level 1  
  161  11:29  Roach x2  
  161  11:30  Zergling x2, Roach x3  
  161  11:32  Zergling x14  
  179  11:36  Hydralisk Den  
  171  12:10  Zergling x8  
  175  12:19  Muscular Augments  
  175  12:20  Overlord x3  
  175  12:24  Tunneling Claws  
  175  12:27  Burrow  
  175  12:46  Hatchery  
  171  12:58  Overlord x3  
  171  13:05  Ultralisk Cavern  
  170  13:22  Hatchery  
  169  13:28  Hatchery  
  168  13:52  Chitinous Plating  
  168  13:54  Ultralisk x3  
  168  13:55  Ultralisk x2  
  198  14:00  Spire  
  198  14:02  Zerg Missile Weapons Level 2  
  197  14:03  Spire  
  197  14:04  Zerg Ground Armor Level 3  
  197  14:08  Pathogen Glands  
  196  14:10  Baneling  
  196  14:11  Baneling x17  
  170  14:48  Zergling x4  
  170  14:49  Zergling x2, Roach  
  170  14:51  Roach x2  
  170  14:52  Roach x8  
  150  14:53  Roach x7  
  123  15:02  Zergling x2  
  123  15:03  Zergling x36  
  129  15:19  Corruptor  
  129  15:20  Corruptor x7  
  129  15:21  Corruptor x2  
  148  15:36  Queen  
  148  15:38  Queen, Drone x2  
  148  15:41  Queen  
  146  16:03  Zerg Flyer Armor Level 1  
  146  16:04  Greater Spire  
  146  16:11  Extractor  
  146  16:12  Queen  
  146  16:13  Extractor, Drone  
  146  16:14  Drone x6  
  153  16:18  Extractor  
  152  16:26  Extractor  
  152  16:28  Extractor  
  149  16:52  Baneling x4  
  148  16:55  Baneling x3  
  148  17:00  Infestor x3  
  153  17:02  Zergling x6  
  153  17:03  Ultralisk  
  153  17:04  Ultralisk  
  153  17:05  Drone x3  
  153  17:06  Drone x3  
  153  17:07  Drone  
  153  17:08  Drone  
  176  17:09  Drone x4  
  166  17:39  Roach x7  
  166  17:40  Ultralisk x2  
  142  18:00  Zergling x6, Corruptor x4  
  142  18:01  Corruptor x2  
  142  18:02  Zergling x6  
  142  18:03  Zergling x30  
  132  18:29  Roach x8  
  132  18:30  Roach x4  
  132  18:52  Brood Lord x3  
  84  19:16  Roach x3  
  91  19:17  Roach x2  
  91  19:24  Mutalisk x3  
  68  19:49  Corruptor  
Show
View Real Time Build Order
Export as new Build Order

Robola Terran - Winner!

Build Orders: Reaper Expand, Mech 

Get SALT Encoding   

  12  0:01  SCV  
  13  0:13  SCV  
  14  0:17  Supply Depot  
  14  0:25  SCV  
  15  0:39  SCV  
  15  0:40  Barracks  
  16  0:46  Refinery  
  16  0:51  SCV  
  17  1:03  SCV  
  18  1:15  SCV  
  19  1:27  Orbital Command  
  19  1:29  Supply Depot  
  19  1:30  Reaper  
  20  1:50  Command Center  
  20  1:57  SCV  
  21  2:01  Marine  
  22  2:09  SCV  
  22  2:15  Factory  
  23  2:20  Marine  
  23  2:21  SCV  
  25  2:26  Refinery  
  25  2:33  SCV  
  25  2:44  Marine  
  25  2:45  SCV  
  27  2:56  Factory  
  27  2:57  SCV  
  28  2:59  Factory Reactor  
  28  3:02  Marine  
  28  3:03  Orbital Command  
  29  3:09  SCV  
  30  3:14  Supply Depot  
  30  3:20  Marine  
  30  3:22  SCV  
  30  3:23  Factory  
  32  3:30  SCV  
  32  3:34  SCV  
  34  3:40  Hellion x2  
  38  3:41  Factory Tech Lab  
  38  3:42  SCV  
  38  3:46  SCV  
  40  3:54  SCV  
  40  4:03  SCV  
  40  4:05  Siege Tank, Hellion x2  
  40  4:06  SCV  
  49  4:16  SCV  
  49  4:18  SCV  
  50  4:25  Refinery  
  50  4:27  Engineering Bay  
  50  4:28  SCV  
  50  4:30  SCV  
  52  4:33  Factory Tech Lab  
  52  4:34  Hellion  
  52  4:37  Infernal Pre-Igniter  
  54  4:45  Supply Depot  
  54  4:56  Missile Turret  
  54  4:58  SCV  
  54  5:06  Hellion, SCV  
  56  5:10  SCV  
  57  5:15  Missile Turret x2  
  57  5:16  Missile Turret  
  57  5:18  SCV  
  58  5:22  SCV  
  58  5:23  Command Center  
  59  5:30  Siege Tank  
  62  5:37  Supply Depot  
  62  5:49  Supply Depot  
  62  5:58  Siege Tank, Hellion, SCV x2  
  62  6:00  Hellion  
  62  6:03  Hellion  
  63  6:24  Siege Tank  
  66  6:28  Refinery  
  66  6:29  Hellion x2  
  66  6:30  Siege Tank  
  66  6:32  SCV  
  74  6:38  SCV  
  75  6:44  SCV  
  76  6:55  Factory  
  76  6:56  Siege Tank, Hellion x2  
  76  6:57  Marine  
  84  7:06  Supply Depot  
  84  7:07  Supply Depot, Armory  
  84  7:11  Orbital Command  
  84  7:13  SCV  
  85  7:18  SCV  
  86  7:34  Hellion x2  
  86  7:35  Siege Tank  
  86  7:36  Command Center, Siege Tank  
  96  7:38  SCV x2  
  96  7:39  SCV  
  99  7:44  Refinery  
  99  7:50  SCV x2, Armory  
  101  7:53  Factory Reactor  
  101  7:55  Starport  
  101  7:57  Hellion x2  
  105  7:58  Hellion x3  
  105  7:59  Hellion  
  105  8:05  SCV x2  
  107  8:09  SCV  
  108  8:17  SCV  
  109  8:30  Supply Depot  
  109  8:31  Supply Depot  
  109  8:32  Terran Vehicle Weapons Level 1  
  109  8:48  Hellbat x2, Hellion x2, SCV x3  
  120  8:49  Hellion x2  
  120  8:50  Starport Reactor  
  120  8:54  Terran Vehicle And Ship Armor Level 1  
  124  9:00  SCV x3  
  127  9:09  Thor  
  133  9:12  SCV x2  
  127  9:26  Missile Turret  
  124  9:31  Liberator  
  124  9:32  Liberator  
  123  9:46  Hellion  
  123  9:47  Siege Tank, Hellion x2  
  123  9:52  Supply Depot  
  138  9:54  Supply Depot, SCV  
  138  9:55  SCV  
  138  9:59  Refinery  
  140  10:14  SCV x3  
  143  10:16  Hellion x2  
  143  10:17  Hellion, Missile Turret  
  143  10:18  Planetary Fortress  
  143  10:20  Liberator  
  149  10:26  SCV x3  
  152  10:38  SCV  
  152  10:40  Liberator  
  156  10:43  Terran Vehicle Weapons Level 2  
  156  10:51  Terran Vehicle And Ship Armor Level 2  
  156  10:52  Supply Depot  
  156  10:56  Supply Depot  
  156  10:57  Hellion x2, SCV  
  164  11:10  SCV  
  164  11:14  Siege Tank, Hellion, SCV x3  
  164  11:16  Missile Turret  
  164  11:17  Siege Tank  
  175  11:23  SCV  
  175  11:24  Factory  
  176  11:26  SCV x3  
  176  11:27  Refinery  
  176  11:28  Refinery  
  179  11:35  SCV  
  179  11:39  Missile Turret  
  179  12:16  Supply Depot  
  179  12:18  Fusion Core, Starport, SCV  
  179  12:20  Liberator  
  180  12:33  Liberator  
  180  12:37  SCV  
  180  12:38  Hellion x2  
  180  12:41  Supply Depot  
  188  12:44  Supply Depot  
  188  12:45  Supply Depot  
  188  12:50  Hellion, SCV x3  
  188  12:51  Hellion, SCV  
  199  12:55  Command Center  
  199  13:02  SCV  
  200  13:11  Starport Tech Lab  
  200  13:13  Factory Tech Lab  
  200  13:18  Terran Vehicle Weapons Level 3  
  200  13:19  Terran Vehicle And Ship Armor Level 3  
  200  13:34  Command Center  
  200  13:39  Command Center  
  200  13:48  Advanced Ballistics  
  195  14:31  Thor  
  193  14:38  Liberator x3  
  196  14:40  Thor  
  133  14:53  Siege Tank, Hellion x3  
  133  14:54  Hellion  
  138  15:14  Hellion, Thor  
  138  15:15  Hellion x3  
  138  15:20  Liberator  
  138  15:21  Liberator x2  
  145  15:23  Siege Tank  
  145  15:25  Siege Tank, Orbital Command  
  142  15:28  Planetary Fortress  
  142  15:36  Hellion x2  
  145  15:55  Siege Tank  
  146  15:57  Siege Tank x2, Planetary Fortress  
  146  16:03  Liberator x2  
  146  16:04  Liberator  
  142  16:10  Command Center  
  138  16:12  Hellion x3  
  138  16:13  Hellion  
  138  16:14  Command Center  
  148  16:27  Siege Tank  
  148  16:29  Siege Tank, Thor  
  160  16:33  Hellion  
  162  16:46  Liberator  
  162  16:56  Hellion  
  162  16:57  Hellion x3  
  162  16:59  Thor  
  162  17:01  Siege Tank  
  179  17:06  Liberator x2  
  182  17:12  Siege Tank  
  185  17:17  Hellion  
  185  17:18  Hellion  
  185  17:19  Hellion x2  
  197  17:33  Siege Tank  
  194  17:39  Hellion  
  194  17:40  Hellion  
  194  17:42  Siege Tank  
  184  17:44  Siege Tank  
  184  17:50  Liberator x2  
  184  17:51  Liberator  
  169  17:54  Hellion  
  165  18:05  Siege Tank  
  175  18:14  Siege Tank  
  175  18:15  Hellion x3  
  175  18:16  Siege Tank, Hellion  
  189  18:33  Liberator x2  
  189  18:36  Hellion  
  189  18:37  Siege Tank  
  182  18:54  Siege Tank, Hellion x2  
  177  19:26  Siege Tank x2, Hellion x3  
  181  20:00  Hellion x2  
Tags
 
Add a new tag
Caveats
  • Supply blocks, unpowered buildings, or Contaminate may cause inaccurate times.
  • Supply counts are checked every 10 seconds.